 Dungeon Crawl Stone Soup version 0.30-a0-777-ga9a30cbeda (console) character file.

Game seed: 16545822313909334691

30525 rlgrobin the Cleaver (level 14, -16/126 HPs)
             Began as a Meteoran Fighter on Feb 15, 2023.
             Was an Elder of Cheibriados.
             Shot with an arrow by a naga sharpshooter (20 damage)
             ... on level 4 of the Snake Pit.
             The game lasted 00:26:12 (3686 turns).

rlgrobin the Cleaver (Meteoran Fighter)             Turns: 3686, Time: 00:26:13

Health: -16/126    AC: 25    Str: 31    XL:     14   Next: 23%
Magic:  32/32      EV: 16    Int: 20    God:    Cheibriados [****..]
Gold:   452        SH:  9    Dex: 26    Spells: 13/13 levels left

rFire   . . .      SeeInvis .    b - +1 war axe (flame)
rCold   + . .      Faith    .    m - +3 buckler of Mysticism {rC+ rN+}
rNeg    + . .      Spirit   .    r - +0 plate armour
rPois   .          Reflect  .    (no helmet)
rElec   .          Harm     .    (no cloak)
rCorr   .          Rampage  .    w - +0 pair of gloves
Will    +....                    i - +2 pair of boots Stlth
                                 f - amulet of the acrobat
HPRegen 0.41/turn                c - +4 ring of protection
MPRegen 0.23/turn                z - ring of magical power

@: lethally poisoned (-16 -> -31), marked, glowing, very slow
A: sense surroundings 2, otherworldly, glowing, explore regen
a: Renounce Religion, Bend Time, Temporal Distortion, Slouch


You were on level 4 of the Snake Pit.
You worshipped Cheibriados.
Cheibriados was greatly pleased with you.
You visited 3 branches of the dungeon, and saw 19 of its levels.

You collected 452 gold pieces.

Inventory:

Hand Weapons
 a - the +3 hand axe "Wicw" {freeze, Str+2 Int+4}
   (You found it on level 5 of the Dungeon)

   Str:       It affects your strength (+2).
   Int:       It affects your intelligence (+4).
 b - a +1 war axe of flaming (weapon)
 t - a +2 flail of holy wrath
Armour
 i - a +2 pair of boots (worn)
 m - the +3 buckler of Mysticism (worn) {rC+ rN+}
   (You found it on level 9 of the Dungeon)

   rC:        It protects you from cold.
   rN:        It protects you from negative energy.
 r - a +0 plate armour (worn)
 w - a +0 pair of gloves (worn)
Jewellery
 c - a +4 ring of protection (left hand)
 f - an amulet of the acrobat (around neck)
 n - the ring of the Charming Gods {Will+ Str+2 Int+6 Slay-6}
   (You found it on level 10 of the Dungeon)

   [ring of willpower]

   Str:       It affects your strength (+2).
   Int:       It affects your intelligence (+6).
   Slay:      It affects your accuracy & damage with ranged weapons and melee
   (-6).
   Will:      It increases your willpower.
 q - a ring of ice
 z - a ring of magical power (right hand)
Wands
 j - a wand of acid (19)
 k - a wand of flame (10)
 l - a wand of mindburst (1)
 s - a wand of iceblast (2)
Scrolls
 h - 2 scrolls of blinking
 y - 2 scrolls of identify
Potions
 d - 2 potions of attraction
 o - 3 potions of magic
 p - 2 potions of flight
 v - a potion of berserk rage {unknown}
 x - a potion of haste {unknown}


   Skills:
 - Level 12.3 Fighting
 - Level 14.0 Axes
 + Level 13.4 Armour
 + Level 10.7 Dodging
 - Level 3.6 Shields
 - Level 11.6 Invocations
 - Level 4.4 Evocations


You had 13 spell levels left.
You didn't know any spells.
Your spell library contained the following spells:

 Spells                   Type           Power      Damage    Failure   Level
 Freeze                   Ice            0%         1d3       80%         1
 Sting                    Tmut/Pois      0%         1d3       80%         1
 Poisonous Vapours        Pois/Air       0%         N/A       91%         2
 Scorch                   Fire           0%         2d5       91%         2
 Frozen Ramparts          Ice            0%         1d1       99%         3
 Hailstorm                Conj/Ice       0%         3d3       99%         3
 Inner Flame              Hex/Fire       0%         N/A       99%         3
 Cause Fear               Hex            0%         N/A       100%        4
 Flame Wave               Conj/Fire      0%         2d4       100%        4
 Olgreb's Toxic Radiance  Pois           0%         N/A       100%        4
 Sticky Flame             Conj/Fire      0%         2d3       100%        4
 Summon Cactus Giant      Summ           0%         N/A       100%        6
 Dragon Form              Tmut           0%         N/A       100%        7
 Dragon's Call            Summ           0%         N/A       100%        9


Dungeon Overview and Level Annotations

Branches:
Dungeon (10/15) Zot: 7107    Lair (5/5) D:10 Zot: 1890  Shoals (0/4) Lair:2
  Snake (4/4) Lair:3 Zot: 2922   Slime (0/5) Lair:5
 Temple: D:4-7          Orc: D:9-12

Altars:
Cheibriados
Kikubaaqudgha
Ru
Trog
Jiyva

Shops:
Snake:4 *

Annotations:
D:10 exclusion: orange crystal statue
Lair:4 exclusion: oklob plant
Snake:3 Saint Roka
Snake:4 Vashnia


Innate Abilities, Weirdness & Mutations

You passively map the area around you.
You are easily found by Zot.
You glow in the dark.
You regain HP and MP as you explore.


Message History

Things that are here:
a +0 flail of draining; a potion of might You feel sick.
The naga sharpshooter shoots an arrow.
The arrow misses you.
You slash the naga sharpshooter! You burn the naga sharpshooter.
The naga sharpshooter is heavily wounded.
The naga sharpshooter shoots an arrow.
The arrow closely misses you.
You hit the naga sharpshooter but do no damage.
The naga sharpshooter is heavily wounded.
You feel sick.
Okay, then.
Okay, then.
You slash the naga sharpshooter! You burn the naga sharpshooter.
The naga sharpshooter is severely wounded.
You slash the black mamba! You burn the black mamba.
The black mamba closely misses you.
The naga sharpshooter shoots an arrow.
You block the arrow.
The black mamba bites you but does no damage.
You hit the naga sharpshooter but do no damage.
The naga sharpshooter is severely wounded.
You slash the black mamba! You burn the black mamba.
You feel sick. The black mamba misses you.
The naga sharpshooter shoots an arrow.
You block the arrow.
You closely miss the naga sharpshooter.
The naga sharpshooter is severely wounded.
You hit the black mamba but do no damage.
You feel sick. The black mamba barely misses you. The black mamba bites you.
* * * LOW HITPOINT WARNING * * *
You are lethally poisoned!
The black mamba poisons you!
The naga sharpshooter shoots an arrow.
The arrow misses you.
You completely miss the naga sharpshooter.
The naga sharpshooter is severely wounded.
You barely miss the black mamba.
* * * LOW HITPOINT WARNING * * *
You feel sick. You block the black mamba's attack.
The naga sharpshooter spits poison at you.
The splash of poison hits you but does no damage.
You are more poisoned.
The naga sharpshooter shoots an arrow.
The arrow hits you!!
You die...

* *, * , ** * * ,
,#### , *,,,...# *
,* ,...# *** , , *
### *##..., , , , ,
#...###).# . * , ,
* #...#.N@#* ... ,
* *
**#.....S)###.....,
*** * ,
...###...N.NN..# *
,
*####..#.####...#,
, ..##...# .# ,,,
,, *#.##..## **, **
# , #.#.N## , * *
#*,.., #....# ,* #
#..####....# ,


You could see 2 naga sharpshooters, a black mamba and a naga.

Vanquished Creatures
  Louise (Snake:4)
  3 hydras
  2 boulder beetles
  A catoblepas (Lair:2)
  4 death yaks (Lair:5)
  A naga sharpshooter (Snake:4)
  3 shock serpents
  A lindwurm (Lair:2)
  2 mana vipers (Snake:4)
  An oklob plant (Lair:2)
  A salamander (Snake:3)
  Maurice (D:9)
  A merfolk siren (Lair:2)
  5 black mambas
  A naga mage (Snake:4)
  4 cane toads
  3 komodo dragons
  A kobold demonologist (D:10)
  2 trolls (D:10)
  2 polar bears
  A hornet (D:9)
  9 blink frogs (Lair:2)
  5 wyverns
  30 yaks
  3 basilisks
  4 vampire mosquitoes
  A steam dragon (D:9)
  8 nagas
  An acid dragon (D:8)
  13 water moccasins
  An orc warrior (D:7)
  3 black bears (D:10)
  4 centaurs
  11 bullfrogs
  A necrophage (D:5)
  A scorpion (D:5)
  3 wights (D:9)
  3 howler monkeys
  4 hounds
  4 orc priests
  6 orc wizards
  3 gnolls (D:6)
  An adder (D:6)
  21 orcs
  An endoplasm (D:2)
  A goblin (D:2)
  3 hobgoblins
  2 kobolds (D:3)
  A ball python (D:3)
  A bat (D:2)
  A frilled lizard (D:2)
  A rat (D:3)
192 creatures vanquished.

Vanquished Creatures (collateral kills)
  A naga mage (Snake:4)
  A naga (Snake:4)
2 creatures vanquished.

Vanquished Creatures (others)
  A shock serpent (Snake:4)
  39 fungi
  43 plants
  5 withered plants (D:6)
88 creatures vanquished.

Grand Total: 282 creatures vanquished

Notes
Turn   | Place    | Note
-------+----------+-------------------------------------------
     0 | D:1      | rlgrobin the Meteoran Fighter began the quest for the Orb.
     0 | D:1      | Reached XP level 1. HP: 19/19 MP: 2/2
    49 | D:2      | Reached skill level 3 in Axes
    49 | D:2      | Reached XP level 2. HP: 26/26 MP: 3/3
    99 | D:5      | Entered Level 5 of the Dungeon
   136 | D:5      | Noticed a hound
   149 | D:5      | Killed a hound
   150 | D:5      | Reached skill level 4 in Axes
   150 | D:5      | Reached XP level 3. HP: 22/31 MP: 4/4
   150 | D:5      | Reached XP level 4. HP: 27/38 MP: 5/5
   170 | D:5      | Identified the +3 hand axe "Wicw" {freeze, Str+2 Int+4}
   206 | D:5      | Noticed a scorpion
   216 | D:5      | Killed a scorpion
   217 | D:5      | Reached skill level 5 in Axes
   217 | D:5      | Reached XP level 5. HP: 35/45 MP: 6/6
   232 | D:5      | Reached skill level 6 in Axes
   263 | D:5      | Noticed a necrophage
   274 | D:5      | Killed a necrophage
   275 | D:5      | Reached skill level 7 in Axes
   275 | D:5      | Reached XP level 6. HP: 43/51 MP: 7/7
   389 | D:6      | Found a snail-covered altar of Cheibriados.
   397 | D:6      | Became a worshipper of Cheibriados the Contemplative
   439 | D:6      | Found a sacrificial altar of Ru.
   470 | D:6      | Noticed a centaur
   485 | D:6      | Killed a centaur
   486 | D:6      | Reached skill level 8 in Axes
   486 | D:6      | Reached XP level 7. HP: 49/57 MP: 8/8
   490 | D:6      | Found an ancient bone altar of Kikubaaqudgha.
   516 | D:6      | Reached skill level 9 in Axes
   541 | D:6      | Noticed a water moccasin
   554 | D:6      | Killed a water moccasin
   555 | D:6      | Reached XP level 8. HP: 40/63 MP: 9/9
   599 | D:7      | Reached * piety under Cheibriados
   635 | D:7      | Reached skill level 10 in Axes
   801 | D:8      | HP: 3/63 [orc priest/+2 heavy war axe (10)]
   803 | D:8      | Gained mutation: You passively map the area around you.
                  | [Meteoran growth]
   803 | D:8      | Reached XP level 9. HP: 4/70 MP: 13/13
   876 | D:10     | Entered Level 10 of the Dungeon
   892 | D:10     | Reached skill level 11 in Axes
   896 | D:10     | Reached skill level 5 in Armour
   918 | D:9      | Identified the +3 buckler of Mysticism {rC+ rN+}
   954 | D:9      | Reached skill level 14 in Axes
   954 | D:9      | Reached skill level 10 in Armour
   954 | D:9      | Reached XP level 10. HP: 76/89 MP: 14/14
  1040 | D:9      | Reached ** piety under Cheibriados
  1041 | D:9      | Reached skill level 5 in Invocations
  1298 | D:10     | Reached skill level 1 in Evocations
  1304 | D:10     | Noticed an orange crystal statue
  1305 | D:10     | Noticed a two-headed ogre
  1317 | D:9      | Noticed Maurice
  1340 | D:9      | Killed Maurice
  1368 | D:10     | Reached XP level 11. HP: 97/97 MP: 16/16
  1370 | D:10     | Found a bloodstained altar of Trog.
  1412 | D:10     | Reached *** piety under Cheibriados
  1413 | D:10     | Reached skill level 10 in Fighting
  1430 | D:10     | Identified the ring of the Charming Gods {Will+ Str+2 Int+6
                  | Slay-6}
  1450 | D:10     | Found a staircase to the Lair.
  1477 | Lair:1   | Entered Level 1 of the Lair of Beasts
  1562 | Lair:3   | Identified the +1 chain mail of the Lotus Blossom {rN+}
  1591 | Lair:3   | Reached skill level 1 in Dodging
  1645 | Lair:2   | You fall into a shaft and drop 1 floor!
  1645 | Lair:3   | Noticed a five-headed hydra
  1657 | Lair:3   | Killed a one-headed hydra
  1658 | Lair:3   | Reached XP level 12. HP: 104/110 MP: 14/17
  1740 | Lair:2   | Noticed a lindwurm
  1754 | Lair:2   | Killed a lindwurm
  1762 | Lair:2   | Reached skill level 5 in Dodging
  1824 | Lair:2   | Found a staircase to the Shoals.
  1834 | Lair:2   | Reached **** piety under Cheibriados
  1839 | Lair:2   | Noticed a catoblepas
  1857 | Lair:2   | Killed a catoblepas
  2220 | Lair:4   | Noticed a boulder beetle
  2251 | Lair:4   | Killed a boulder beetle
  2289 | Lair:5   | Entered Level 5 of the Lair of Beasts
  2290 | Lair:5   | Noticed an eight-headed hydra
  2317 | Lair:4   | Noticed a four-headed hydra
  2325 | Lair:4   | Killed a one-headed hydra
  2326 | Lair:4   | Reached XP level 13. HP: 111/116 MP: 19/19
  2349 | Lair:5   | Noticed an eight-headed hydra
  2350 | Lair:5   | Noticed an eight-headed hydra
  2354 | Lair:5   | Noticed a four-headed hydra
  2387 | Lair:5   | Killed a four-headed hydra
  2404 | Lair:5   | Noticed a boulder beetle
  2427 | Lair:5   | Killed a boulder beetle
  2441 | Lair:5   | Found a staircase to the Slime Pits.
  2444 | Lair:5   | Found a viscous altar of Jiyva.
  2449 | Lair:5   | Noticed a death yak
  2455 | Lair:5   | Noticed a death yak
  2457 | Lair:5   | Noticed a death yak
  2457 | Lair:5   | Noticed a death yak
  2463 | Lair:5   | Killed a death yak
  2480 | Lair:5   | Killed a death yak
  2481 | Lair:5   | Killed a death yak
  2483 | Lair:5   | Killed a death yak
  2484 | Lair:5   | Reached skill level 10 in Dodging
  2741 | Lair:3   | Reached ***** piety under Cheibriados
  2743 | Lair:3   | Reached skill level 10 in Invocations
  3219 | Lair:3   | Found a staircase to the Snake Pit.
  3232 | Snake:1  | Entered Level 1 of the Snake Pit
  3328 | Snake:3  | Noticed Saint Roka
  3346 | Snake:4  | Entered Level 4 of the Snake Pit
  3346 | Snake:4  | Found Bothrakh's General Store.
  3475 | Snake:4  | Reached XP level 14. HP: 45/126 MP: 23/23
  3559 | Snake:4  | Noticed Vashnia
  3633 | Snake:4  | Noticed Louise
  3667 | Snake:4  | Killed Louise
  3685 | Snake:4  | HP: 6/126 [poisoned by a naga sharpshooter (splash of
                  | poison)]
  3686 | Snake:4  | Shot with an arrow by a naga sharpshooter

Illustrated notes

Levels and vault maps discovered:
D:1:      ncdulo_lavacross, layout_basic
D:2:      layout_loops_corners, minmay_quantized
D:3:      layout_rooms, grunt_qazlal_clouds, serial_shops,
          nicolae_lakefront_shop
D:4:      layout_cave_pools, lemuel_coloured_pillars_altar, uniq_edmund,
          uniq_menkaure
D:5:      layout_loops_corners
D:6:      layout_basic, kiku_gazebo_garden_becter, general_overflow_altar,
          mainiacjoe_overflow_surrounded_room, hangedman_decor_clover_reticule
D:7:      layout_rooms, mainiacjoe_overflow_concentric_impassable,
          nicolae_elyvilon_peaceful_grove, minmay_temple_entry_from_below_b,
          uniq_crazy_yiuf_cottage
D:8:      layout_loops_ring, kennysheep_little_box, serial_shops, shop
D:9:      layout_stronghold, pdpol_wu_jian_five_deadly_venoms, uniq_maurice
D:10:     layout_rooms, mainiacjoe_overflow_small_starburst,
          due_lair_maze_entry_diamond, orc_0_dummy, minmay_protected_statue
Lair:1:   layout_misc_corridors, nicolae_lair_grove_arrangements,
          gammafunk_lair_bear_cave
Lair:2:   layout_hall_layers, minmay_shoals_entry_lonely_mermaid
Lair:3:   layout_hall_layers, nicolae_snake_entry_squirm,
          chequers_serial_rivers_micro_d, lemuel_fruit_tree, grunt_megastairs_3,
          infiniplex_staircase_pool, serial_bayou_shore_b
Lair:4:   layout_cave_pods, gammafunk_ghost_hive, chequers_serial_rivers_small_b
Lair:5:   cheibrodos_lair_end_hotspot, layout_loops_ring, slime_entry_1
Snake:1:  layout_basic, minmay_shoptagon, serial_bayou_shore_b,
          grunt_megastairs_5, serial_bayou_shore_a, uniq_aizul
Snake:2:  layout_rooms
Snake:3:  layout_basic, uniq_mlioglotl, uniq_roxanne, uniq_saint_roka
Snake:4:  hellmonk_snake_rune_quicksilver_temple, layout_misc_corridors,
          serial_shops, nicolae_shop_window_shopping, uniq_vashnia, uniq_louise

Skill      XL: |  1  2  3  4  5  6  7  8  9 10 11 12 13 |
---------------+----------------------------------------+-----
Axes           | 3 4 5 7 8 9 10 14 | 14.0
Armour         | 4 10 11 13 | 13.4
Invocations    | 4 6 7 11 | 11.6
Fighting       | 8 9 11 12 | 12.3
Evocations     | 2 4 |  4.4
Dodging        | 3 8 10 | 10.7
Shields        | |  3.6

Action                     |  1- 3 |  4- 6 |  7- 9 | 10-12 | 13-15 || total
---------------------------+-------+-------+-------+-------+-------++-------
  Melee: War axe           |    30 |       |       |    20 |   233 ||   283
         Hand axe          |       |    38 |   109 |   396 |    18 ||   561
 Invoke: Bend Time         |       |       |       |     9 |     5 ||    14
         Slouch            |       |       |       |       |     2 ||     2
  Evoke: Wand              |       |       |       |     2 |     8 ||    10
    Use: Potion            |       |       |     6 |     1 |     3 ||    10
         Scroll            |       |       |     2 |     9 |     4 ||    15
 Armour: Scale mail        |    18 |    10 |       |       |       ||    28
         Chain mail        |       |    12 |    41 |       |       ||    53
         Plate armour      |       |       |    13 |   183 |    98 ||   294
         Skin              |       |       |       |    15 |       ||    15
  Dodge: Dodged            |    21 |    11 |    22 |   130 |   148 ||   332
  Block: Buckler           |    16 |     9 |    29 |   148 |   116 ||   318

Table legend: (Time is in decaauts)
 A = Elapsed time spent in this place.
 B = Non-inter-level travel time spent in this place.
 C = Inter-level travel time spent in this place.
 D = Time resting spent in this place.
 E = Time spent auto-exploring this place.
 F = Levels seen in this place.
 G = Mean time per level.
                   A        B        C        D        E       F      G
               +--------+--------+--------+--------+--------+-----+--------+
         Total |   4971 |   4852 |    119 |      0 |      0 |  19 |  261.6 |
       Dungeon |   1686 |   1686 |      0 |      0 |      0 |  10 |  168.6 |
          Lair |   2608 |   2489 |    119 |      0 |      0 |   5 |  521.6 |
     Snake Pit |    676 |    676 |      0 |      0 |      0 |   4 |  169.0 |
               +--------+--------+--------+--------+--------+-----+--------+

Top non-repeatable levels by time:
  Lair:3: 1071 daAuts
  Lair:2: 756 daAuts
  Lair:4: 515 daAuts
 Snake:4: 500 daAuts
     D:9: 426 daAuts
     D:5: 253 daAuts
     D:6: 253 daAuts
     D:8: 238 daAuts
     D:7: 216 daAuts
  Lair:5: 204 daAuts
    D:10: 176 daAuts
 Snake:3: 91 daAuts
  Lair:1: 61 daAuts
     D:2: 51 daAuts
 Snake:1: 45 daAuts
